 Dungeon Crawl Stone Soup version 0.27-a0-291-gd9602db6ee (webtiles) character file.

Game seed: 6684110676910723025

49 KristoblXynda the Skirmisher (level 3, -4/29 HPs)
             Began as a Demonspawn Monk on Feb 9, 2021.
             Slain by a worm (8 damage)
             ... on level 2 of the Dungeon.
             The game lasted 00:02:03 (1922 turns).

KristoblXynda the Skirmisher (Demonspawn Monk)      Turns: 1922, Time: 00:02:03

Health: -4/29      AC:  5    Str: 12    XL:     3   Next: 53%
Magic:  3/3        EV: 13    Int: 11    God:
Gold:   61         SH:  0    Dex: 15    Spells: 2/2 levels left

rFire    . . .     SeeInvis .     - Unarmed
rCold    . . .     Faith    .   (no shield)
rNeg     . . .     Spirit   .   f - +0 leather armour
rPois    .         Reflect  .   (helmet restricted)
rElec    .         Harm     .   a - +1 cloak
rCorr    .         Rampage  .   (no gloves)
Will     .....                  (no boots)
Stlth    ++........             (no amulet)
HPRegen  0.09/turn              (no ring)
MPRegen  0.16/turn              (no ring)

@: no status effects
A: antennae 1, magic regeneration
a: no special abilities


You were on level 2 of the Dungeon.
You visited 1 branch of the dungeon, and saw 2 of its levels.

You collected 61 gold pieces.

Inventory:

Armour
 a - a +1 cloak (worn)
 f - a +0 leather armour (worn)
Scrolls
 b - 2 scrolls of fog {unknown}
 d - 3 scrolls of teleportation
 e - a scroll of remove curse {unknown}
 h - a scroll of fear {unknown}
Potions
 c - a potion of mutation {unknown}
 g - a potion of cancellation {unknown}
 i - a potion of heal wounds {unknown}


   Skills:
 + Level 3.4 Fighting
 + Level 1.2 Armour
 + Level 3.1 Dodging
 - Level 1.7 Stealth
 + Level 3.1 Unarmed Combat


You had 2 spell levels left.
You didn't know any spells.
Your spell library was empty.

Dungeon Overview and Level Annotations

Branches:
Dungeon (2/15)

Altars:


Innate Abilities, Weirdness & Mutations

You have a pair of small antennae on your head.
You regenerate magic rapidly.


Message History

You hit the worm.
The worm is lightly wounded.
You hit the worm.
The worm is moderately wounded.
The worm completely misses you.
You barely miss the worm.
The worm is moderately wounded.
You hit the worm.
The worm is severely wounded.
The worm bites you.
You hit the worm. Your punch misses the worm.
The worm is severely wounded.
Your leather armour prevents you from hitting the worm.
The worm is severely wounded.
The worm bites you!
* * * LOW HITPOINT WARNING * * *
You hit the worm.
The worm is severely wounded.
The worm bites you!
You die...

########
#......#
#......#
#......#
#......##
#.......##
#........#
#..@....##
#..w...##
#......#
####..##
#....#
##.##.#
##..# ..#
#..## .##
#######w##
.#


You could see a worm.

Vanquished Creatures
  An adder (D:2)
  A shadow imp (D:2)
  A worm (D:1)
  A leopard gecko (D:1)
  A giant cockroach (D:1)
  A goblin (D:1)
  4 hobgoblins (D:1)
  4 jackals (D:1)
  2 quokkas
  2 bats
  2 frilled lizards (D:1)
  3 kobolds (D:1)
  6 rats (D:1)
29 creatures vanquished.

Notes
Turn   | Place    | Note
-------+----------+-------------------------------------------
     0 | D:1      | KristoblXynda the Demonspawn Monk began the quest for the
                  | Orb.
     0 | D:1      | Reached XP level 1. HP: 18/18 MP: 1/1
   738 | D:1      | Gained mutation: You have a pair of small antennae on your
                  | head. [demonic ancestry]
   738 | D:1      | Reached XP level 2. HP: 20/24 MP: 2/2
  1431 | D:1      | Reached skill level 1 in Armour
  1599 | D:1      | Gained mutation: You regenerate magic rapidly. [demonic
                  | ancestry]
  1599 | D:1      | Reached XP level 3. HP: 21/29 MP: 3/3
  1922 | D:2      | Slain by a worm

Illustrated notes

Levels and vault maps discovered:
D:1:      dpeg_arrival_solitude, layout_basic
D:2:      kennysheep_six_static_rooms, layout_rooms

Skill      XL: |  1  2 |
---------------+-------+-----
Dodging        | 3 |  3.1
Unarmed Combat | 3 |  3.1
Armour         | 1 |  1.2
Fighting       | |  3.4
Stealth        | |  1.7

Action                   || total
-------------------------++-------
Melee: Unarmed           ||   191
       Punch             ||     1
  Use: Scroll            ||     1
 Stab: Sleeping          ||     1
Armor: Leather armour    ||    49
Dodge: Dodged            ||   128

Table legend: (Time is in decaauts)
 A = Elapsed time spent in this place.
 B = Non-inter-level travel time spent in this place.
 C = Inter-level travel time spent in this place.
 D = Time resting spent in this place.
 E = Time spent auto-exploring this place.
 F = Levels seen in this place.
 G = Mean time per level.
                   A        B        C        D        E       F      G
               +--------+--------+--------+--------+--------+-----+--------+
         Total |   1912 |   1862 |     50 |    325 |   1192 |   2 |  956.0 |
       Dungeon |   1912 |   1862 |     50 |    325 |   1192 |   2 |  956.0 |
               +--------+--------+--------+--------+--------+-----+--------+

Top non-repeatable levels by time:
     D:1: 1806 daAuts
     D:2: 105 daAuts
